 Dungeon Crawl Stone Soup version 0.31-a0-431-g88bdf31460 (webtiles) character file.

Game seed: 17615038557417446969

15100 CraigForest the Grappler (level 11, -42/97 HPs)
             Began as a Troll Shapeshifter on July 31, 2023.
             Was a Priest of Hepliaklqana.
             Killed from afar by Azrael (45 damage)
             ... with damnation
             ... on level 12 of the Dungeon on Aug 1, 2023.
             The game lasted 00:52:46 (9610 turns).

CraigForest the Grappler (Troll Shapeshifter)       Turns: 9610, Time: 00:52:48

Health: -42/97     AC: 13    Str: 34    XL:     11   Next: 97%
Magic:  10/10      EV: 16    Int:  4    God:    Hepliaklqana [***...]
Gold:   2129       SH:  0    Dex: 10    Spells: 10/10 levels left

rFire   . .          .
                       - Unarmed
rCold   . . .        (shield currently unavailable)
rNeg    . . .        N - melded +0 troll leather armour
rPois   .            h - melded +0 hat
rElec   .            F - melded +0 cloak {rPois}
rCorr   .            (gloves unavailable)
SInv    .            (boots unavailable)
Will    .....        n - amulet of regeneration
Stlth   +            k - +4 ring of protection
HPRegen 1.96/turn    e - +5 ring of evasion
MPRegen 0.12/turn

%: no passive effects
@: snake-form, studying Shapeshifting
A: constrict, boosted hp, reduced essence, large, unfitting armour, (claws 3),
regeneration 1, (shaggy fur 1), (tough skin 1)
a: Begin Untransformation, Renounce Religion, Recall Ancestor, Ancestor
Identity, Transference


You were on level 12 of the Dungeon.
You worshipped Hepliaklqana.
Hepliaklqana was most pleased with you.
You were an enormous anaconda.
You visited 2 branches of the dungeon, and saw 13 of its levels.
You visited the Abyss 1 time.
You also visited: Sewer.

You collected 2249 gold pieces.
You spent 120 gold pieces at shops.

Inventory:

Hand Weapons
 y - a +2 dagger of flaming
 G - a +2 scimitar of flaming
 H - a +3 halberd
 I - a +2 glaive of flaming
Missiles
 b - 11 boomerangs
 d - 53 poisoned darts
 i - 11 javelins
 z - 2 curare-tipped darts
 R - 5 large rocks
Armour
 a - a +1 animal skin
 h - a +0 hat (melded)
 F - a +0 cloak of poison resistance (melded)
 J - +0 steam dragon scales
 N - a +0 troll leather armour (melded)
 T - a +2 robe of willpower
Jewellery
 e - a +5 ring of evasion (right hand)
 k - a +4 ring of protection (left hand)
 n - an amulet of regeneration (around neck)
 O - a ring of flight
 S - a +6 ring of strength
Talismans
 c - a beast talisman
 q - a serpent talisman (active)
Wands
 o - a wand of flame (21)
 r - a wand of acid (8)
 B - a wand of charming (9)
 D - a wand of polymorph (11)
 P - a wand of mindburst (20)
Scrolls
 l - 4 scrolls of revelation
 m - 2 scrolls of enchant armour
 p - 4 scrolls of teleportation
 t - a scroll of fear
 v - a scroll of poison
 C - 2 scrolls of silence
Potions
 f - 3 potions of cancellation
 g - 2 potions of ambrosia
 j - 2 potions of enlightenment
 s - 6 potions of haste
 u - 2 potions of attraction
 w - 2 potions of mutation {unknown}
 x - a potion of magic {unknown}
 A - a potion of brilliance {unknown}
 E - 3 potions of curing
 U - 2 potions of resistance {unknown}
Miscellaneous
 K - a phial of floods
 L - a phantom mirror
 M - a condenser vane (inert) (quivered)
 Q - a sack of spiders


   Skills:
 - Level 1.0 Fighting
 - Level 7.0 Dodging
 + Level 14.4 Unarmed Combat
 + Level 10.3 Shapeshifting


You had 10 spell levels left.
You didn't know any spells.
Your spell library contained the following spells:

 Spells                   Type           Power      Damage    Failure   Level
 Magic Dart               Conj           0%         1d3       50%         1
 Slow                     Hex            0%         N/A       50%         1
 Scorch                   Fire           0%         2d5       65%         2
 Searing Ray              Conj           0%         2d4       65%         2
 Sublimation of Blood     Necr           0%         N/A       65%         2
 Wereblood                Tmut           0%         N/A       65%         2
 Confusing Touch          Hex            0%         N/A       86%         3
 Gell's Gravitas          Tloc           0%         N/A       86%         3
 Hailstorm                Conj/Ice       0%         3d3       86%         3
 Ozocubu's Armour         Ice            0%         N/A       86%         3
 Swiftness                Air            0%         N/A       86%         3
 Teleport Other           Tloc           0%         N/A       86%         3
 Vampiric Draining        Necr           0%         2d6       86%         3
 Flame Wave               Conj/Fire      0%         2d4       99%         4
 Fulminant Prism          Conj/Hex       0%         3d5       99%         4
 Petrify                  Tmut/Erth      0%         N/A       99%         4
 Irradiate                Conj/Tmut      0%         3d11      100%        5
 Metabolic Englaciation   Hex/Ice        0%         N/A       100%        5
 Dispersal                Tloc           0%         N/A       100%        6
 Simulacrum               Ice/Necr       0%         N/A       100%        6
 Summon Cactus Giant      Summ           0%         N/A       100%        6
 Ozocubu's Refrigeration  Ice            0%         4d7       100%        7
 Summon Hydra             Summ           0%         N/A       100%        7


Dungeon Overview and Level Annotations

Branches:
Dungeon (12/15)            Temple (1/1) D:6            Lair (0/5) D:11
    Orc (0/2) D:10          Sewer (visited)

Altars:
Ashenzari
Cheibriados
Dithmenos
Elyvilon
Fedhas
Gozag
Hepliaklqana
Kikubaaqudgha
Makhleb
Nemelex Xobeh
Qazlal
Ru
Sif Muna
Trog
Uskayaw
Vehumet
Wu Jian
Xom
Yredelemnul
The Shining One
Lugonu

Shops:
D:3 [((   D:5 ?   D:10 [   D:11 =

Portals:
Abyss: D:4

Annotations:
D:12 Azrael


Innate Abilities, Weirdness & Mutations

You are an enormous anaconda.
You have a powerful constriction melee attack.
Your maximum health is increased.
Your armour is entirely melded.
You are incapable of wielding weapons or throwing items.
Your life essence is reduced to manifest your ancestor. (-10% HP)
You are too large for most types of armour.
((You have claws for hands.))
Your natural rate of healing is unusually fast.
((You are covered in fur. (AC +1)))
((You have tough skin. (AC +1)))


Message History

The fire elemental is lightly damaged.
You crush the fire elemental!!!
You destroy the fire elemental!
Azrael gestures at you.
The sphere of damnation explodes!
The damnation engulfs you!!
The damnation engulfs Azrael.
Azrael completely resists.
You see here a hell hound corpse.
You barely miss Azrael. You grab Azrael. You constrict Azrael.
Azrael completely misses you.
You lash Azrael!
Azrael is lightly wounded.
You constrict Azrael. Azrael gestures at you.
The sphere of damnation explodes!
The damnation engulfs you!!
* * * LOW HITPOINT WARNING * * *
The damnation engulfs Ælfthryth!!
The damnation engulfs Azrael.
Azrael completely resists.
Okay, then.
Non-targeted evoke: condenser vane
Press: ? - help, Q - select action, (/) - cycle Dir - look around, f - activate Look: Azrael, wielding a +3 scimitar of flaming (moderately wounded, constricted by you, ally target) Clouds condense from the air!
The condenser dries out!
You constrict Azrael. Azrael gestures at you. The sticky flame misses you.
The sticky flame hits Ælfthryth. Ælfthryth resists.
You hit Azrael.
Azrael is moderately wounded.
You constrict Azrael.
Azrael hits you with a +3 scimitar of flaming!
* * * LOW HITPOINT WARNING * * *
Azrael burns you.
* * * LOW HITPOINT WARNING * * *
You swap places.
You release your grip on Azrael. Ælfthryth hits Azrael with a +0 dagger of draining. x2
Azrael gestures at you.
The sphere of damnation explodes!
The damnation engulfs Ælfthryth!! Ælfthryth is destroyed!
The damnation engulfs you!!!
You die...

#.........##.........
#.#######............
#.#...#.R..#.........
#.#.#.#.####.........
#...#.#...##.........
###'########.........
#.## ##.####### #..#
#...# ##S# ###.# #†#
#.# #....§R§.########.#
#....§§§..........#####
#........########......
#........# #.#####
#........# #.#
#........# #.#
#........# #.###


You could see Azrael.

Vanquished Creatures
  Erica (D:8)
  The ghost of zazu2006 the Thaumaturge, a novice GnWn (D:8)
  A deep elf pyromancer (D:12)
  An orc knight (D:10)
  2 manticores (D:7)
  Joseph (D:7)
  Maurice (D:8)
  A cyclops (D:7)
  Maggie (D:7)
  A gargoyle (D:12)
  An unseen horror (D:10)
  A kobold demonologist (D:8)
  A komodo dragon (D:7)
  A troll (D:9)
  A shadow (D:7)
  A vampire (D:7)
  A slime creature (D:7)
  6 yaks (D:10)
  5 wraiths
  A small abomination (Abyss:3)
  Grum (D:8)
  5 fire elementals (D:12)
  2 vampire mosquitoes (D:12)
  Menkaure (D:5)
  Edmund (D:5)
  2 hell hounds (D:12)
  An acid dragon (D:11)
  2 water moccasins
  4 orc warriors
  2 ice beasts
  A black bear (D:6)
  The ghost of randomguy2701 the Shield-Bearer, an amateur MiFi (D:3)
  2 wolves (D:8)
  3 centaurs
  7 kobold brigands
  A bullfrog (D:8)
  A gnoll sergeant (D:7)
  4 scorpions
  15 wights
  Dowan (D:7)
  13 killer bees
  6 howler monkeys
  4 jellies
  6 orc priests
  2 hounds
  4 iguanas
  3 sleepcaps
  4 orc wizards
  A mummy (D:7)
  8 adders
  9 gnolls
  3 shadow imps
  A white imp (D:8)
  An ufetubus (D:7)
  2 worms (D:6)
  5 dart slugs
  25 orcs
  12 ball pythons
  8 endoplasms
  6 giant cockroaches
  8 goblins
  6 hobgoblins
  31 kobolds
  4 quokkas
  12 bats
  5 frilled lizards
  A hobgoblin zombie (D:7)
  2 kobold zombies (D:7)
  An orc zombie (D:7)
  8 rats
288 creatures vanquished.

Vanquished Creatures (collateral kills)
  2 trolls
  A wraith (D:12)
  Duvessa (D:7)
  2 orc warriors (D:10)
  A centaur (D:9)
  2 kobold brigands
  A killer bee (D:9)
  An orc priest (D:7)
  A sleepcap (D:7)
  A shadow imp (D:8)
  4 orcs
  2 kobolds
19 creatures vanquished.

Vanquished Creatures (others)
  2 ancestors (D:7)
  A hexer (D:12)
  2 starspawn tentacles (Abyss:3)
5 creatures vanquished.

Grand Total: 312 creatures vanquished

Notes
Turn   | Place    | Note
-------+----------+-------------------------------------------
     0 | D:1      | CraigForest the Troll Shapeshifter began the quest for the
                  | Orb.
     0 | D:1      | Reached XP level 1. HP: 18/18 MP: 0/0
    18 | D:1      | Reached XP level 2. HP: 26/26 MP: 1/1
   454 | D:1      | Reached XP level 3. HP: 26/32 MP: 2/2
  1459 | D:3      | Found a faded altar of an unknown god.
  1466 | D:3      | Reached skill level 4 in Unarmed Combat
  1467 | D:3      | Found Uzowk's Antique Weapon Boutique.
  1473 | D:3      | Reached XP level 4. HP: 32/40 MP: 3/3
  1513 | D:3      | Found Vopni's Antique Weapon Emporium.
  1556 | D:3      | Found a snail-covered altar of Cheibriados.
  1652 | D:3      | Found Wiadonum's Armour Emporium.
  1711 | D:3      | Found a shimmering blue altar of Sif Muna.
  1733 | D:3      | Found a runed translucent gate.
  1733 | D:3      | Found a runed translucent gate.
  1734 | D:3      | Found a runed translucent gate.
  1737 | D:3      | Noticed randomguy2701's ghost (amateur MiFi)
  1740 | D:3      | Identified the +6 scale mail of Wavetz {Harm Dex+2}
  1765 | D:3      | You fall into a shaft and drop 1 floor!
  1768 | D:4      | Noticed a scorpion
  1773 | D:4      | Killed a scorpion
  1774 | D:4      | Reached XP level 5. HP: 46/46 MP: 4/4
  2118 | D:3      | Found a glowing golden altar of the Shining One.
  2122 | D:3      | Became a worshipper of the Shining One
  2245 | D:3      | Reached skill level 5 in Unarmed Combat
  2266 | D:3      | Killed randomguy2701's ghost
  2267 | D:3      | Reached skill level 1 in Fighting
  2267 | D:3      | Reached XP level 6. HP: 47/55 MP: 5/5
  2676 | D:4      | Found a large runed translucent door.
  2676 | D:4      | Found a large runed translucent door.
  2680 | D:4      | Found a corrupted altar of Lugonu.
  2689 | Abyss:1  | Cast into level 1 of the Abyss (kobold)
  2710 | Abyss:2  | Noticed a thrashing horror
  2717 | Abyss:2  | Noticed a small abomination
  2743 | Abyss:3  | Noticed an ancient zyme
  2744 | Abyss:3  | Noticed a small abomination
  2747 | Abyss:3  | Noticed a tentacled starspawn
  2758 | Abyss:3  | Killed a small abomination
  2759 | Abyss:3  | Reached skill level 6 in Unarmed Combat
  2759 | Abyss:3  | Reached XP level 7. HP: 4/62 MP: 6/6
  2761 | D:4      | Escaped the Abyss
  2788 | D:4      | Found a one-way gate to the infinite horrors of the Abyss.
  3021 | D:4      | Found a radiant altar of Vehumet.
  3258 | D:5      | Entered Level 5 of the Dungeon
  3430 | D:5      | Found an ancient bone altar of Kikubaaqudgha.
  3485 | D:5      | Found a burning altar of Makhleb.
  3485 | D:5      | Noticed a blizzard demon
  3485 | D:5      | Reached * piety under the Shining One
  3535 | D:5      | Reached skill level 7 in Unarmed Combat
  3560 | D:5      | Reached skill level 5 in Shapeshifting
  3645 | D:5      | Noticed Menkaure
  3652 | D:5      | Killed Menkaure
  3742 | D:5      | Noticed Edmund
  3749 | D:5      | Killed Edmund
  3750 | D:5      | Reached XP level 8. HP: 49/70 MP: 7/7
  3836 | D:5      | Found Icipti's Magic Scroll Shoppe.
  3841 | D:5      | Bought a scroll of fear for 40 gold pieces
  3841 | D:5      | Bought a scroll of identify for 20 gold pieces
  3841 | D:5      | Bought a scroll of identify for 20 gold pieces
  3841 | D:5      | Bought a scroll of poison for 40 gold pieces
  4009 | D:6      | Found a blossoming altar of Fedhas.
  4141 | D:6      | Found a staircase to the Ecumenical Temple.
  4147 | Temple   | Entered the Ecumenical Temple
  4157 | Temple   | Fell from the grace of the Shining One
  4157 | Temple   | Became a worshipper of Hepliaklqana the Forgotten
  4325 | D:6      | Found a glowing drain.
  4329 | Sewer    | Entered a sewer
  4649 | D:6      | Found a basalt altar of Yredelemnul.
  5067 | D:7      | Noticed Joseph
  5077 | D:7      | Killed Joseph
  5078 | D:7      | Reached XP level 9. HP: 26/76 MP: 8/8
  5136 | D:7      | Reached * piety under Hepliaklqana
  5153 | D:7      | Noticed a manticore
  5155 | D:7      | Noticed a cyclops
  5157 | D:7      | Found a runed translucent door.
  5386 | D:7      | Noticed Duvessa
  5394 | D:7      | Killed Duvessa
  5395 | D:7      | Reached skill level 8 in Unarmed Combat
  5422 | D:7      | Found an opulent altar of Gozag.
  5443 | D:7      | Noticed Dowan
  5450 | D:7      | Killed Dowan
  5693 | D:7      | Noticed a komodo dragon
  5693 | D:7      | Noticed a manticore
  5702 | D:7      | Killed a komodo dragon
  5705 | D:7      | Reached skill level 9 in Unarmed Combat
  5709 | D:7      | Killed a manticore
  5721 | D:7      | Reached XP level 10. HP: 75/75 MP: 9/9
  5730 | D:7      | Noticed Maggie
  5750 | D:7      | Reached skill level 10 in Unarmed Combat
  5753 | D:7      | Killed Maggie
  5760 | D:7      | Identified the +0 helmet of the Iron Devil {-Cast rElec
                  | Str+5}
  5762 | D:7      | Got Quotidian Gnosis
  5855 | D:7      | Reached skill level 5 in Dodging
  5986 | D:7      | Killed a manticore
  6008 | D:7      | Reached skill level 11 in Unarmed Combat
  6013 | D:7      | Killed a cyclops
  6076 | D:8      | Found a transporter.
  6100 | D:8      | Noticed Grum
  6109 | D:8      | Killed Grum
  6116 | D:8      | Identified 2 scrolls of acquirement
  6116 | D:8      | Acquired a manual of Shapeshifting
  6118 | D:8      | Acquired 1231 gold pieces
  6143 | D:8      | Reached ** piety under Hepliaklqana
  6144 | D:8      | Remembered your ancestor Ælfthryth as a hexer
  6151 | D:8      | Found a runed translucent gate.
  6151 | D:8      | Found a runed translucent gate.
  6151 | D:8      | Found an opulent altar of Gozag.
  6152 | D:8      | Found a runed translucent gate.
  6165 | D:8      | Found a transporter.
  6283 | D:8      | Noticed Maurice
  6290 | D:8      | Killed Maurice
  6586 | D:8      | Noticed Erica
  6599 | D:8      | Killed Erica
  6600 | D:8      | Reached skill level 12 in Unarmed Combat
  6675 | D:8      | Noticed zazu2006's ghost (novice GnWn)
  6796 | D:8      | Killed zazu2006's ghost
  6797 | D:8      | Reached XP level 11. HP: 65/81 MP: 10/10
  6959 | D:9      | Found a shadowy altar of Dithmenos.
  7151 | D:9      | Found a bloodstained altar of Trog.
  7622 | D:9      | Reached skill level 13 in Unarmed Combat
  7684 | D:10     | Entered Level 10 of the Dungeon
  7693 | D:10     | Reached *** piety under Hepliaklqana
  7937 | D:10     | Found a staircase to the Orcish Mines.
  7937 | D:10     | Noticed an orc knight
  7954 | D:10     | Killed an orc knight
  7955 | D:10     | Found Faociang's Armour Shop.
  9145 | D:11     | Found a staircase to the Lair.
  9197 | D:11     | Found Jankexu's Jewellery Boutique.
  9415 | D:12     | Noticed a deep elf pyromancer
  9423 | D:12     | Killed a deep elf pyromancer
  9424 | D:12     | Reached skill level 14 in Unarmed Combat
  9479 | D:12     | Reached skill level 10 in Shapeshifting
  9584 | D:12     | Noticed Azrael
  9609 | D:12     | HP: 1/97 [Azrael/+3 scimitar of flaming (4)]
  9610 | D:12     | Killed from afar by Azrael

Illustrated notes

Levels and vault maps discovered:
D:1:      dpeg_arrival_lava_altar, layout_loops_ring
D:2:      layout_loops_corners
D:3:      layout_loops_ring, nicolae_tso_carved_into_rock,
          kennysheep_slug_shrine, nicolae_overflow_hidden_temple,
          biasface_ghost_orc_armoury, hellmonk_ecumenical_altar_run_dry,
          serial_shops, shop, nicolae_lakefront_shop,
          nicolae_shop_tiny_waterfront, minmay_misc_feat_doors
D:4:      due_chaos_kobolds, layout_loops_ring, vehumet_altar_wand_db
D:5:      layout_basic, nicolae_kikubaaqudgha_miasma_corner,
          makhleb_altar_promises_db, serial_shops, nicolae_shop_rolled_up,
          chequers_jeans, chequers_serial_rivers_micro_d, minivault_25,
          hangedman_decor_push, uniq_edmund, uniq_menkaure
D:6:      layout_basic, fedhas_ov_isle_minmay, mainiacjoe_overflow_boulevard,
          minmay_temple_entry_nine_rooms, gup_sewer_entry_spiral
D:7:      minmay_the_grid_triangle_9x9_rhombus_thin
          [minmay_the_grid_triangle_9x9_sprig,
          minmay_the_grid_triangle_9x9_prize_insulated,
          minmay_the_grid_triangle_9x9_subtriangle,
          minmay_the_grid_triangle_9x9_corruption], layout_gridville,
          nicolae_gozag_seed_capital, minmay_mini_ossuary, uniq_duvessa,
          uniq_maggie, uniq_joseph
D:8:      gammafunk_wand_slinger, layout_basic, ebering_ghost_gozag, uniq_grum,
          uniq_erica, uniq_maurice
D:9:      layout_loops_ring, trog_butcher_becter,
          grunt_dithmenos_smoke_and_mirrors, nrook_mini_vaults
D:10:     layout_layer_cave, orc_david_3, kennysheep_small_circle
D:11:     layout_rooms, lair_entry_dummy, serial_shops, shop
D:12:     layout_roguey [special_room_orc], uniq_azrael
Temple:   hellmonk_temple_rainy

Skill      XL: |  1  2  3  4  5  6  7  8  9 10 11 |
---------------+----------------------------------+-----
Unarmed Combat | 4 5 6 7 9 12 14 | 14.4
Dodging        | 2 3 4 6 7 |  7.0
Shapeshifting  | 4 6 8 9 10 | 10.3
Fighting       | 1 |  1.0

Action                     |  1- 3 |  4- 6 |  7- 9 | 10-12 || total
---------------------------+-------+-------+-------+-------++-------
  Melee: Unarmed           |    82 |    96 |   199 |   321 ||   698
         Punch             |       |     4 |     1 |       ||     5
         Constrict         |       |       |    35 |    54 ||    89
 Invoke: Ancestor Life: He |       |       |       |     1 ||     1
Ability: Begin Untransform |       |       |       |     1 ||     1
  Evoke: Wand              |       |       |       |     8 ||     8
         Condenser vane    |       |       |       |     2 ||     2
    Use: Scroll            |     4 |     7 |     3 |     7 ||    21
         Potion            |       |     1 |     1 |     4 ||     6
   Stab: Distracted        |       |       |     1 |     2 ||     3
         Confused          |       |       |       |     2 ||     2
 Armour: Animal skin       |    35 |    21 |    17 |       ||    73
         Skin              |       |    25 |    54 |   117 ||   196
  Dodge: Dodged            |    24 |    42 |    81 |   194 ||   341
   Form: Anaconda          |       |       |     1 |     1 ||     2

Table legend: (Time is in decaauts)
 A = Elapsed time spent in this place.
 B = Non-inter-level travel time spent in this place.
 C = Inter-level travel time spent in this place.
 D = Time resting spent in this place.
 E = Time spent auto-exploring this place.
 F = Levels seen in this place.
 G = Mean time per level.
                   A        B        C        D        E       F      G
               +--------+--------+--------+--------+--------+-----+--------+
         Total |   9555 |   8584 |    971 |      0 |   6818 |  17 |  562.1 |
       Dungeon |   9245 |   8292 |    953 |      0 |   6695 |  12 |  770.4 |
        Temple |     21 |      3 |     18 |      0 |      0 |   1 |   21.0 |
         Abyss |     70 |     70 |      0 |      0 |      0 |   3 |   23.3 |
         Sewer |    217 |    217 |      0 |      0 |    123 |   1 |  217.0 |
               +--------+--------+--------+--------+--------+-----+--------+

Top non-repeatable levels by time:
    D:10: 1300 daAuts
     D:7: 1031 daAuts
     D:6: 896 daAuts
     D:4: 886 daAuts
     D:8: 831 daAuts
     D:3: 828 daAuts
     D:2: 811 daAuts
     D:9: 757 daAuts
     D:5: 659 daAuts
     D:1: 642 daAuts
    D:11: 372 daAuts
    D:12: 225 daAuts
   Sewer: 217 daAuts
 Abyss:3: 42 daAuts
  Temple: 21 daAuts
